 Dungeon Crawl Stone Soup version 0.30.0-16-gbe6223bb7e (webtiles) character file.

Game seed: 17943617639717301746

337 GigaChad the Covered (level 6, -11/54 HPs)
             Began as an Armataur Fighter on May 21, 2023.
             Mangled by an ogre
             ... wielding a +0 giant spiked club
              (13 damage)
             ... on level 4 of the Dungeon.
             The game lasted 00:04:39 (3754 turns).

GigaChad the Covered (Armataur Fighter)             Turns: 3754, Time: 00:04:39

Health: -11/54     AC: 10    Str: 24    XL:     6   Next: 28%
Magic:  6/6        EV:  4    Int:  8    God:
Gold:   251        SH:  9    Dex:  9    Spells: 5/5 levels left

rFire   . . .        a - +0 war axe
rCold   . . .        c - +0 buckler
rNeg    . . .        s - +0 plate armour
rPois   .            (no helmet)
rElec   .            (no cloak)
rCorr   .            (no gloves)
SInv    .            (no barding)
Will    .....        f - amulet of reflection Stlth
                     (no ring)
HPRegen 0.29/turn    (no ring)
MPRegen 0.10/turn

%: reflection, roll
@: no status effects
A: large, rugged brown scales 3, deformed body, armoured tail, roll, long
tongue, awkward tongue
a: no special abilities


You were on level 4 of the Dungeon.
You visited 1 branch of the dungeon, and saw 4 of its levels.

You collected 251 gold pieces.

Inventory:

Hand Weapons
 a - a +0 war axe (weapon)
Armour
 b - a +0 scale mail
 c - a +0 buckler (worn)
 s - a +0 plate armour (worn)
Jewellery
 f - an amulet of reflection (around neck)
 g - an amulet of magic regeneration
 n - a ring of flight
 t - a +5 ring of evasion
Scrolls
 h - 5 scrolls of teleportation
 i - 2 scrolls of magic mapping
 l - 3 scrolls of amnesia
 o - a scroll of fear
 p - a scroll of fog
 r - a scroll of torment
 u - a scroll of identify
Potions
 d - a potion of might
 e - 2 potions of resistance
 j - 2 potions of lignification {unknown}
 k - a potion of degeneration {unknown}
 q - 2 potions of curing {unknown}


   Skills:
 * Level 3.4 Fighting
 * Level 3.4 Axes
 * Level 5.0 Armour
 * Level 2.6 Stealth
 * Level 4.2 Shields


You had 5 spell levels left.
You didn't know any spells.
Your spell library contained the following spells:

 Spells                   Type           Power      Damage    Failure   Level
 Apportation              Tloc           0%         N/A       100%        1
 Necrotise                Necr           0%         1d4       100%        1
 Summon Small Mammal      Summ           0%         N/A       100%        1
 Call Canine Familiar     Summ           0%         N/A       100%        3
 Summon Guardian Golem    Hex/Summ       0%         N/A       100%        3


Dungeon Overview and Level Annotations

Branches:
Dungeon (4/15)
 Temple: D:4-7

Altars:
Ashenzari


Innate Abilities, Weirdness & Mutations

You are completely covered in rugged brown scales. (AC +3, +7% HP)
Armour fits poorly on your strangely shaped body.
You have a long armoured tail.
You roll when moving toward enemies. (Rampage)
Your long tongue fully drains potion bottles. (2x potion effects)
Your tongue gives you trouble enunciating. (1.5x scroll delay)


Message History

Unknown command.
You block the ogre's attack. The ufetubus hits you.
The ufetubus hits you but does no damage.
There are monsters nearby!
You completely miss the ogre. You hit the ufetubus.
The ufetubus hits you but does no damage.
The ufetubus hits you. You block the ufetubus's attack.
The ufetubus hits you but does no damage.
The ogre hits you with a +0 giant spiked club!
Unknown command.
You miss the ufetubus. You tail-slap the ufetubus.
You kill the ufetubus!
You barely miss the ogre.
The ogre hits you with a +0 giant spiked club!
Unknown command.
You barely miss the ogre.
Unknown command.
You barely miss the ogre.
The ogre hits you with a +0 giant spiked club!!
Ouch! That really hurt!
* * * LOW HITPOINT WARNING * * *
Unknown command.
You are too injured to fight recklessly!
Unknown command.
You are too injured to fight recklessly!
You feel much better.
You slurp down every last drop of the potion of heal wounds!
The ogre hits you with a +0 giant spiked club!
Unknown command.
You slash the ogre!
The ogre is moderately wounded.
The ogre hits you with a +0 giant spiked club!!
You hit the ogre.
The ogre is heavily wounded.
The ogre hits you with a +0 giant spiked club!
* * * LOW HITPOINT WARNING * * *
You hit the ogre.
Your tail-slap misses the ogre.
The ogre is severely wounded.
The ogre hits you with a +0 giant spiked club!
You die...

## #>..............##
.####.....#####.....##
........###...###....##
.......##.#._.#.##..#.#
######.#..#...#..#.##.#
.# ####..##'##..###.##
.####.#...........####
.##...#.#.......O.##
.....##..#......@###
#...####..#....##.#
...## #...## #.## ..<#
#..# ##.##### ...##
###..## #......#
....####.....####..##.##
##..#..........#...####
##......)........##.#
##...............###.#


You could see an ogre.

Vanquished Creatures
  A black bear (D:4)
  A hound (D:4)
  10 gnolls (D:4)
  2 adders
  An ufetubus (D:4)
  A worm (D:2)
  A dart slug (D:4)
  7 endoplasms
  8 giant cockroaches
  10 goblins
  3 hobgoblins
  4 jackals (D:1)
  6 quokkas
  10 ball pythons
  6 bats
  6 frilled lizards
  8 kobolds
  6 rats
91 creatures vanquished.

Notes
Turn   | Place    | Note
-------+----------+-------------------------------------------
     0 | D:1      | GigaChad the Armataur Fighter began the quest for the Orb.
     0 | D:1      | Reached XP level 1. HP: 19/19 MP: 1/1
   112 | D:1      | Reached XP level 2. HP: 18/26 MP: 2/2
   333 | D:1      | Reached skill level 4 in Armour
   526 | D:1      | Reached XP level 3. HP: 31/32 MP: 3/3
   635 | D:1      | Found a faded altar of an unknown god.
   956 | D:2      | Reached skill level 1 in Stealth
  1859 | D:3      | Reached XP level 4. HP: 38/40 MP: 4/4
  2686 | D:4      | Found a broken altar of Ashenzari.
  2686 | D:4      | Noticed an ogre
  2798 | D:4      | Noticed a black bear
  2806 | D:4      | Killed a black bear
  2807 | D:4      | Reached XP level 5. HP: 35/48 MP: 5/5
  3069 | D:4      | Reached XP level 6. HP: 54/54 MP: 6/6
  3114 | D:4      | Reached skill level 5 in Armour
  3750 | D:4      | HP: 2/54 [ogre/+0 giant spiked club (27)]
  3754 | D:4      | Mangled by an ogre

Illustrated notes

Levels and vault maps discovered:
D:1:      heliophobic_arrival_dark_side_of_the_moon, layout_loops_ring,
          dilly_ecumenical_altar_fadedgnrine
D:2:      layout_basic
D:3:      layout_basic, minivault_26
D:4:      layout_layer_cave, nicolae_ashenzari_skybound

Skill      XL: |  1  2  3  4  5  6 |
---------------+-------------------+-----
Armour         | 4 5 |  5.0
Axes           | 2 3 |  3.4
Stealth        | 1 2 |  2.6
Fighting       | 3 |  3.4
Shields        | 4 |  4.2

Action                     |  1- 3 |  4- 6 || total
---------------------------+-------+-------++-------
  Melee: War axe           |   136 |   106 ||   242
         Tailslap          |    11 |    14 ||    25
    Use: Scroll            |     8 |     1 ||     9
         Potion            |       |     1 ||     1
 Armour: Scale mail        |    85 |    17 ||   102
         Plate armour      |       |    37 ||    37
  Dodge: Dodged            |    40 |    18 ||    58
  Block: Buckler           |    29 |    45 ||    74
         Reflection        |       |     1 ||     1
